 Dungeon Crawl Stone Soup version 0.31-a0-1025-g2e47921a08 (webtiles) character file.

Game seed: 9269473814975095817

45 Azuregosa the Covert (level 3, 0/26 HPs)
             Began as an Octopode Delver on Nov 17, 2023.
             Slain by a river rat (2 damage)
             ... on level 5 of the Dungeon.
             The game lasted 00:03:09 (503 turns).

Azuregosa the Covert (Octopode Delver)               Turns: 503, Time: 00:03:10

Health: 0/26       AC:  1    Str: 11    XL:     3   Next: 64%
Magic:  4/4        EV: 13    Int: 14    God:
Gold:   25         SH:  0    Dex: 13    Spells: 3/3 levels left

rFire   . . .        f - +0 broad axe
rCold   . . .        (no shield)
rNeg    . . .        (helmet restricted)
rPois   .            (no amulet)
rElec   .            (no ring)
rCorr   .            (no ring)
SInv    .            (no ring)
Will    .....        (no ring)
Stlth   ++++++       (no ring)
HPRegen 0.24/turn    (no ring)
MPRegen 0.09/turn    (no ring)
                     (no ring)

%: no passive effects
@: no status effects
A: almost no armour, amphibious, 8 rings, camouflage 1, gelatinous body 1,
nimble swimmer 1, tentacles
a: no special abilities


You were on level 5 of the Dungeon.
You visited 1 branch of the dungeon, and saw 3 of its levels.

You collected 25 gold pieces.

Inventory:

Hand Weapons
 f - a +0 broad axe (weapon)
Missiles
 i - 12 stones
Wands
 e - a wand of digging (3)
Scrolls
 a - a scroll of fog
 c - a scroll of fear
 g - a scroll of teleportation {unknown}
 k - a scroll of poison {unknown}
Potions
 b - a potion of resistance {unknown}
 d - a potion of haste
 h - 2 potions of berserk rage {unknown}
 j - a potion of attraction {unknown}


   Skills:
 - Level 3.0 Fighting
 - Level 2.0 Dodging
 - Level 8.0 Stealth
 - Level 2.0 Unarmed Combat
 + Level 0.9 Spellcasting


You had 3 spell levels left.
You didn't know any spells.
Your spell library was empty.

Dungeon Overview and Level Annotations

Branches:
Dungeon (5/15)
 Temple: D:4-7

Altars:

Shops:
D:5 :

Annotations:
D:4 Dowan, Duvessa


Innate Abilities, Weirdness & Mutations

You cannot wear most types of armour.
You are amphibious.
You can wear up to eight rings at the same time.
Your skin changes colour to match your surroundings (Stealth+).
Your rubbery body absorbs attacks. (AC +1, EV +1)
You are camouflaged when in or above water. (Stealth+)
You have tentacles for arms and can constrict up to eight enemies at once.


Message History

You hear the brisk rusting of a drain.
The helpless giant cockroach fails to defend itself.
You slash the giant cockroach!
You kill the giant cockroach!
The helpless worm fails to defend itself.
You slash the worm! You grab the worm. You squeeze the worm.
The worm is severely wounded.
You constrict the worm. The worm bites you.
You slash the worm!
You kill the worm!
You hit the worm but do no damage. You grab the worm. You constrict the worm.
The worm closely misses you.
You slash the worm!
The worm is severely wounded.
You constrict the worm. The worm bites you!
You slash the worm!
You kill the worm!
You see here a worm corpse.
A worm comes into view.
A river rat comes into view.
A river rat comes into view.
The helpless worm fails to defend itself.
You slash the worm! Your grab misses the worm.
The worm is severely wounded.
The worm closely misses you.
You hit the worm. You grab the worm.
The worm is severely wounded.
You constrict the worm, but do no damage.
The worm bites you!
You hit the worm. You squeeze the worm.
You kill the worm!
The helpless river rat fails to defend itself.
You slash the river rat! You grab the river rat.
The river rat is severely wounded.
You constrict the river rat. The river rat bites you!
* * * LOW HITPOINT WARNING * * *
You barely miss the river rat. You squeeze the river rat.
You kill the river rat!
The river rat bites you.
You die...

#......# ********###
###.#.##
*,,,,,,*#~#***##~###
*,******~~~~~~#~~~#
*,*
****~~~*~~#~~~#*******
*,*
*,,*#~#*~~##~##,,,,,,,
*,*
*,**#~#~~~~#~#,****###
*,* *,* #r#~∩~~#†#,,**
#..
*,***,*##@##~~##~##,,*
#.#
*,,,,,,#~~~####~~~#,**
#.#
*****,*#~~~~~~~~~~#**
#..
*****,*##~######~##*
#<# *,,,,,,*### ###,*
#.# *,***,,* **+** #..
*,* *,,* **,,,** ###
*,* *,,*** **,,,,,**
*,****,*,**
**,,,,,,,**


You could see a river rat.

Vanquished Creatures
  A hound (D:4)
  A river rat (D:5)
  3 worms (D:5)
  An orc (D:4)
  A giant cockroach (D:5)
  A kobold (D:4)
8 creatures vanquished.

Notes
Turn   | Place    | Note
-------+----------+-------------------------------------------
     0 | D:5      | Azuregosa the Octopode Delver began the quest for the Orb.
     0 | D:5      | Reached XP level 1. HP: 16/16 MP: 1/1
   224 | D:4      | Noticed a hound
   232 | D:4      | Killed a hound
   233 | D:4      | Reached skill level 8 in Stealth
   233 | D:4      | Reached XP level 2. HP: 21/21 MP: 2/2
   233 | D:4      | Reached XP level 3. HP: 26/26 MP: 3/3
   300 | D:4      | Noticed Dowan
   348 | D:4      | Noticed Duvessa
   428 | D:5      | Found Duonick's Vocational Training.
   502 | D:5      | HP: 1/26 [river rat (9)]
   503 | D:5      | Slain by a river rat

Illustrated notes

Levels and vault maps discovered:
D:3:      layout_loops_ring, patterned_corridor, uniq_grinder, uniq_jessica,
          uniq_ijyb
D:4:      layout_basic, chequers_serial_rivers_marsh, uniq_duvessa
D:5:      layout_loops_corners, gup_sewer_entry_bubbles,
          nicolae_shop_vocational, uniq_eustachio

Skill      XL: |  1 |
---------------+----+-----
Stealth        | 8 |  8.0
Fighting       | |  3.0
Dodging        | |  2.0
Unarmed Combat | |  2.0
Spellcasting   | |  0.9

Action                     || total
---------------------------++-------
  Melee: Unarmed           ||     7
         Constrict         ||     7
         Tentacles         ||     6
         Broad axe         ||    13
    Use: Scroll            ||     1
   Stab: Sleeping          ||     6
 Armour: Skin              ||     7
  Dodge: Dodged            ||     6

Table legend: (Time is in decaauts)
 A = Elapsed time spent in this place.
 B = Non-inter-level travel time spent in this place.
 C = Inter-level travel time spent in this place.
 D = Time resting spent in this place.
 E = Time spent auto-exploring this place.
 F = Levels seen in this place.
 G = Mean time per level.
                   A        B        C        D        E       F      G
               +--------+--------+--------+--------+--------+-----+--------+
         Total |    509 |    509 |      0 |      0 |    145 |   3 |  169.7 |
       Dungeon |    509 |    509 |      0 |      0 |    145 |   3 |  169.7 |
               +--------+--------+--------+--------+--------+-----+--------+

Top non-repeatable levels by time:
     D:4: 390 daAuts
     D:5: 116 daAuts
     D:3: 1 daAuts
